 Dungeon Crawl Stone Soup version 0.32-a0-814-g0968bab981 (webtiles) character file.

Game seed: 5947421754105656989

2163 dialectric the Trooper (level 9, -2/103 HPs)
             Began as a Demonspawn Shapeshifter on Mar 22, 2024.
             Was a Believer of Trog.
             Succumbed to a killer bee's poison
             ... on level 7 of the Dungeon.
             The game lasted 00:06:43 (6331 turns).

dialectric the Trooper (Demonspawn Shapeshifter)    Turns: 6331, Time: 00:06:43

Health: -2/103     AC:  9    Str: 16    XL:     9   Next: 10%
Magic:  18/18      EV: 10    Int: 12    God:    Trog [**....]
Gold:   400        SH:  0    Dex: 14    Spells: 8/8 levels left

rFire   . . .        l - +2 war axe (heavy)
rCold   . . .        (no shield)
rNeg    . . .        E - +0 scale mail
rPois   .            (helmet currently unavailable)
rElec   .            (cloak currently unavailable)
rCorr   .            (gloves currently unavailable)
SInv    .            (boots unavailable)
Will    .....        (no amulet) Stlth
                     j - ring of magical power
HPRegen 0.37/turn    (no ring)
MPRegen 0.16/turn

%: no passive effects
@: berserking (expiring), lethally poisoned (-2 -> -25), beast-form, very quick
A: beast (slay +3), hooves 3, thin metallic scales 2, demonic guardian 1
a: Begin Untransformation, Renounce Religion, Berserk, Trog's Hand


You were on level 7 of the Dungeon.
You worshipped Trog.
Trog was pleased with you.
You were a hulking beast.
You visited 1 branch of the dungeon, and saw 7 of its levels.

You collected 454 gold pieces.
You spent 54 gold pieces at shops.

Inventory:

Hand Weapons
 l - a +2 heavy war axe (weapon)
 x - the +7 quarterstaff of Generosity {pain, rElec}
   (You found it on level 4 of the Dungeon)

   rElec:     It insulates you from electricity.
 B - a +4 vampiric whip
Missiles
 p - a throwing net (quivered)
 z - 16 poisoned darts
Armour
 a - a +0 animal skin
 k - a +2 helmet
 n - a +0 cloak
 D - a +0 pair of gloves
 E - a +0 scale mail (worn)
 G - a +0 tower shield
Jewellery
 j - a ring of magical power (left hand)
 F - a +6 ring of intelligence
Talismans
 c - a beast talisman (active)
 d - a flux talisman
Wands
 o - a wand of roots (24)
Scrolls
 f - 3 scrolls of revelation {unknown}
 i - a scroll of teleportation {unknown}
 s - 2 scrolls of immolation {unknown}
 u - 2 scrolls of brand weapon {unknown}
 v - a scroll of fear {unknown}
 y - a scroll of fog {unknown}
 A - 2 scrolls of poison {unknown}
Potions
 b - a potion of lignification
 e - a potion of curing
 g - 3 potions of heal wounds
 h - a potion of enlightenment {unknown}
 m - 2 potions of berserk rage
 q - a potion of attraction {unknown}
 r - a potion of might {unknown}
 t - a potion of magic {unknown}
 w - 2 potions of degeneration {unknown}
 C - a potion of mutation {unknown}


   Skills:
 + Level 6.0 Fighting
 + Level 5.0 Axes
 + Level 1.7 Armour
 + Level 5.7 Dodging
 - Level 2.6 Unarmed Combat
 + Level 5.7 Shapeshifting


You had 8 spell levels left.
You didn't know any spells.
Your spell library contained the following spells:

 Spells                   Type           Power      Damage    Failure   Level
 Call Imp                 Summ           0%         N/A       88%         2
 Sublimation of Blood     Necr           0%         N/A       88%         2
 Inner Flame              Hex/Fire       0%         N/A       98%         3
 Volatile Blastmotes      Fire/Tloc      0%         2d10      98%         3
 Flame Wave               Conj/Fire      0%         2d4       100%        4
 Fulminant Prism          Conj/Alch      0%         3d5       100%        4
 Iskenderun's Mystic Bla  Conj/Tloc      0%         2d3       100%        4
 Sticky Flame             Fire/Alch      0%         2d4       100%        4
 Summon Hydra             Summ           0%         N/A       100%        7


Dungeon Overview and Level Annotations

Branches:
Dungeon (7/15)             Temple (0/1) D:6

Altars:
Trog

Shops:
D:2 (   D:7 *


Innate Abilities, Weirdness & Mutations

You are a hulking beast.
Your limbs bulge with bestial killing power. (Slay +3)
You have hooves in place of feet.
You are mostly covered in thin metallic scales. (AC +3)
A weak demonic guardian rushes to your aid.


Message History

The killer bee stings you but does no damage. x2
Unknown command.
You closely miss the killer bee. Your kick misses the killer bee.
The killer bee is almost dead.
You barely miss the killer bee.
You feel very sick.
The killer bee barely misses you. x2; The killer bee closely misses you.
The killer bee stings you.
* * * LOW HITPOINT WARNING * * *
The killer bee misses you. The killer bee closely misses you.
Unknown command.
You miss the killer bee. Your kick misses the killer bee.
The killer bee is almost dead.
You slash the killer bee!
You kill the killer bee!
Trog accepts your kill.
You feel very sick.
The killer bee stings you but does no damage.
The killer bee stings you.
* * * LOW HITPOINT WARNING * * *
A demonic guardian appears!
You are lethally poisoned!
The killer bee poisons you!
Your Fighting skill increases to level 6!
Your Axes skill increases to level 5!
You completely miss the killer bee.
The killer bee is almost dead.
* * * LOW HITPOINT WARNING * * *
You feel very sick. The killer bee stings you.
* * * LOW HITPOINT WARNING * * *
The killer bee stings you.
* * * LOW HITPOINT WARNING * * *
You are more poisoned.
The killer bee poisons you!
Unknown command.
You open the killer bee like a pillowcase!!!
You kill the killer bee!
Trog accepts your kill.
You die...

##...### #######
≈#.### #.....#####
~#.# #.....#....
≈#.# #.......# ≈#.#
#....[# ##.#
######.....## ...#
#...........# #####
...#
#.#######.#.#......
...###.#
#..h†......
.......#
#.#†.......
.......#
#....5.....
.......#
#..#.......
...#.#.#
#..#....../
...#.#.#
#..........
...#.#..
.....#.####
.#.#.#### #.#. ##.#
###...


You could see a friendly iron imp (summoned).

Vanquished Creatures
  A water moccasin (D:6)
  An orc warrior (D:6)
  A black bear (D:7)
  A centaur (D:7)
  A phantom (D:5)
  2 kobold brigands
  3 bullfrogs
  3 scorpions
  5 wights (D:6)
  4 killer bees (D:7)
  A howler monkey (D:7)
  A bombardier beetle (D:5)
  3 hounds
  3 jellies
  4 orc priests
  2 sleepcaps
  4 iguanas
  2 orc wizards (D:5)
  4 gnolls
  10 adders
  A white imp (D:6)
  2 dart slugs (D:4)
  A ribbon worm (D:2)
  15 orcs
  3 bats
  8 endoplasms
  2 giant cockroaches
  6 hobgoblins
  4 jackals (D:2)
  6 quokkas
  7 ball pythons
  3 frilled lizards
  11 goblins
  18 kobolds
  6 rats
149 creatures vanquished.

Notes
Turn   | Place    | Note
-------+----------+-------------------------------------------
     0 | D:1      | dialectric the Demonspawn Shapeshifter began the quest for
                  | the Orb.
     0 | D:1      | Reached XP level 1. HP: 15/15 MP: 1/1
   184 | D:1      | Gained mutation: You have large cloven feet. [demonic
                  | ancestry]
   184 | D:1      | Reached XP level 2. HP: 21/21 MP: 2/2
   719 | D:2      | Found Dir Zax's Antique Weapon Emporium.
   775 | D:2      | Gained mutation: You have hoof-like feet. [demonic
                  | ancestry]
   775 | D:2      | Reached XP level 3. HP: 19/27 MP: 3/3
   785 | D:2      | HP: 1/27 [kobold/+2 heavy war axe (20)]
   980 | D:2      | Reached skill level 2 in Fighting
  1307 | D:2      | Gained mutation: You are partially covered in thin metallic
                  | scales. (AC +2) [demonic ancestry]
  1307 | D:2      | Reached XP level 4. HP: 16/33 MP: 4/4
  1541 | D:3      | Reached skill level 1 in Axes
  1786 | D:3      | Found a bloodstained altar of Trog.
  1962 | D:3      | Became a worshipper of Trog the Wrathful
  2024 | D:4      | Identified the +7 quarterstaff of Generosity {pain, rElec}
  2036 | D:4      | Noticed a scorpion
  2043 | D:4      | Killed a scorpion
  2044 | D:4      | Gained mutation: You have hooves in place of feet. [demonic
                  | ancestry]
  2044 | D:4      | Reached XP level 5. HP: 11/40 MP: 5/5
  2247 | D:4      | Reached skill level 3 in Fighting
  2593 | D:4      | Gained mutation: A weak demonic guardian rushes to your
                  | aid. [demonic ancestry]
  2593 | D:4      | Reached XP level 6. HP: 22/47 MP: 6/6
  2984 | D:5      | Entered Level 5 of the Dungeon
  3314 | D:5      | Reached * piety under Trog
  3315 | D:5      | Reached XP level 7. HP: 12/53 MP: 7/7
  3840 | D:5      | Reached skill level 4 in Fighting
  4492 | D:6      | Gained mutation: You are mostly covered in thin metallic
                  | scales. (AC +3) [demonic ancestry]
  4492 | D:6      | Reached XP level 8. HP: 34/61 MP: 8/8
  4634 | D:6      | Found a staircase to the Ecumenical Temple.
  4758 | D:6      | Reached skill level 5 in Fighting
  4758 | D:6      | Reached skill level 5 in Shapeshifting
  5597 | D:6      | Reached skill level 5 in Dodging
  5970 | D:7      | Reached ** piety under Trog
  5972 | D:7      | Reached skill level 1 in Armour
  6093 | D:7      | Found Vatteturun's Mass Market.
  6127 | D:7      | Bought a +0 tower shield for 54 gold pieces
  6325 | D:7      | Reached XP level 9. HP: 49/69 MP: 9/9
  6330 | D:7      | Reached skill level 6 in Fighting
  6330 | D:7      | Reached skill level 5 in Axes
  6330 | D:7      | HP: 5/103 [killer bee (4)]
  6331 | D:7      | Succumbed to a killer bee's poison

Illustrated notes

Levels and vault maps discovered:
D:1:      doesnt_arrival_eight_statues, layout_rooms, minivault_14,
          dreamdust_wishing_well, chequers_serial_rivers_small_3,
          minmay_misc_feat_hallway
D:2:      layout_rooms, serial_shops, shop, grunt_ministairs_7
D:3:      minmay_chambers_of_twos, layout_loops_ring,
          mainiacjoe_overflow_tiny_flanked, minmay_cupped
D:4:      layout_basic
D:5:      layout_basic
D:6:      layout_rooms, minmay_temple_entry_slanted
D:7:      layout_loops_cross, minmay_shop_mass, chequers_serial_rivers_room_b,
          nrook_campfire

Skill      XL: |  1  2  3  4  5  6  7  8  9 |
---------------+----------------------------+-----
Dodging        | 2 3 4 5 |  5.7
Shapeshifting  | 3 4 5 |  5.7
Fighting       | 2 3 4 5 6 |  6.0
Axes           | 1 2 3 4 5 |  5.0
Armour         | 1 |  1.7
Unarmed Combat | |  2.6

Action                     |  1- 3 |  4- 6 |  7- 9 || total
---------------------------+-------+-------+-------++-------
  Melee: Unarmed           |    55 |       |       ||    55
         Punch             |     1 |       |       ||     1
         Kick              |    12 |    16 |    15 ||    43
         War axe           |    27 |    78 |   105 ||   210
 Invoke: Berserk           |       |       |     3 ||     3
    Use: Potion            |       |     2 |       ||     2
         Scroll            |       |       |     2 ||     2
   Stab: Sleeping          |     1 |     2 |       ||     3
 Armour: Animal skin       |    64 |    96 |    44 ||   204
         Scale mail        |       |       |    97 ||    97
  Dodge: Dodged            |    63 |    75 |   108 ||   246

Table legend: (Time is in decaauts)
 A = Elapsed time spent in this place.
 B = Non-inter-level travel time spent in this place.
 C = Inter-level travel time spent in this place.
 D = Time resting spent in this place.
 E = Time spent auto-exploring this place.
 F = Levels seen in this place.
 G = Mean time per level.
                   A        B        C        D        E       F      G
               +--------+--------+--------+--------+--------+-----+--------+
         Total |   6581 |   5999 |    582 |    543 |   4358 |   7 |  940.1 |
       Dungeon |   6581 |   5999 |    582 |    543 |   4358 |   7 |  940.1 |
               +--------+--------+--------+--------+--------+-----+--------+

Top non-repeatable levels by time:
     D:5: 1499 daAuts
     D:4: 1036 daAuts
     D:3: 1028 daAuts
     D:2: 970 daAuts
     D:6: 893 daAuts
     D:1: 724 daAuts
     D:7: 429 daAuts
